 Dungeon Crawl Stone Soup version 0.29-a0-275-g389c0b56f3 (webtiles) character file.

Game seed: 17298863387101105010

173 spaghetti the Sneak (level 5, -5/52 HPs)
             Began as a Deep Dwarf Delver on Mar 12, 2022.
             Was an Initiate of Makhleb.
             Slain by a black bear (6 damage)
             ... on level 3 of the Dungeon.
             The game lasted 00:03:06 (727 turns).

spaghetti the Sneak (Deep Dwarf Delver)              Turns: 727, Time: 00:03:06

Health: -5/52      AC:  3    Str: 18    XL:     5   Next: 28%
Magic:  4/4        EV: 12    Int: 10    God:    Makhleb [......]
Gold:   33         SH:  0    Dex: 14    Spells: 4/4 levels left

rFire   . . .      SeeInvis .   a - +0 hand axe {axe}
rCold   . . .      Faith    .   (no shield)
rNeg    . . .      Spirit   .   b - +0 leather armour
rPois   .          Reflect  .   (no helmet)
rElec   .          Harm     .   (no cloak)
rCorr   .          Rampage  .   (no gloves)
Will    .....                   (no boots)
Stlth   +++.......              (no amulet)
HPRegen 0.00/turn               (no ring)
MPRegen 0.09/turn               (no ring)

@: no status effects
A: damage resistance, heal wounds, sense surroundings 1, no regeneration
a: Heal Wounds, Renounce Religion


You were on level 3 of the Dungeon.
You worshipped Makhleb.
Makhleb was noncommittal.
You visited 2 branches of the dungeon, and saw 6 of its levels.

You collected 33 gold pieces.


Innate Abilities, Weirdness & Mutations

You are resistant to damage.
You can heal yourself by infusing magical energy.
You passively map a small area around you.
You do not regenerate.


   Skills:
 + Level 5.5 Fighting
 - Level 2.1 Axes
 - Level 2.1 Dodging
 - Level 6.0 Stealth


You had 4 spell levels left.
You didn't know any spells.
Your spell library was empty.

Inventory:

Hand Weapons
 a - a +0 hand axe (weapon) {axe}
Armour
 b - a +0 leather armour (worn)
Wands
 g - a wand of digging (2)
Scrolls
 c - a scroll of fog

Dungeon Overview and Level Annotations

Branches:
Dungeon (7/15)             Temple (1/1) D:6

Altars:
Ashenzari
Dithmenos
Fedhas
Hepliaklqana
Kikubaaqudgha
Makhleb
Qazlal
Ru
Trog
Uskayaw
Vehumet
Wu Jian
The Shining One

#.# , *
#.# , *
,...,, *,
** #.# *
* #.# ,
#,#.# ,
##.##.#.#
......h@#
,
##.##...#
#...# *<
.....# ,
, .##...#
, #.,
....# *#*
##.!.#
#...# * *


You could see a black bear (berserk).


Message History

An orc priest comes into view. It is wielding a +0 trident.
The orc priest shouts!
The black bear attacks as you move away!
The black bear bites you.
* * * LOW HITPOINT WARNING * * *
The black bear claws you but does no damage.
The black bear claws you.
* * * LOW HITPOINT WARNING * * *
An orc wizard comes into view. It is wielding a +0 dagger.
There is a stone staircase leading up here. 😱 HP[-3]
You take 3 damage, and now have 8/52 hp.
The orc shouts!
The orc wizard gestures at you while chanting.
The magic dart hits you.
* * * LOW HITPOINT WARNING * * *
The black bear bites you.
* * * LOW HITPOINT WARNING * * *
The black bear misses you. The black bear barely misses you.
The white imp hits you but does no damage.
You climb upwards.
There is a stone staircase leading down here. 😱 HP[-5]
You take 5 damage, and now have 3/52 hp.
Unknown command.
You aren't carrying any potions.
Okay, then.
Your magical essence is drained by the effort!
You feel much better. The black bear closely misses you.
The black bear claws you but does no damage.
The black bear claws you.
The white imp barely misses you. 😮 HP[+33] MP[-1]
You regained 33 hp, and now have 36/52 hp.
You hit the white imp. You hit the black bear.
The black bear barely misses you. The black bear claws you. x2
The white imp gestures at you. The puff of frost hits you!
* * * LOW HITPOINT WARNING * * *
😨 HP[-10]
You take 10 damage, and now have 26/52 hp.
You closely miss the white imp. You hit the black bear.
The black bear closely misses you. x2; The black bear claws you.
The white imp hits you but does no damage.
You feel much better. The white imp closely misses you.
The black bear misses you. The black bear closely misses you.
The black bear claws you. 😕 HP[+19]
You regained 19 hp, and now have 45/52 hp.
You hit the white imp but do no damage. You hit the black bear.
The black bear bites you.
The black bear claws you but does no damage.
The black bear claws you.
The white imp barely misses you. 😕 HP[-5]
You take 5 damage, and now have 40/52 hp.
You barely miss the white imp. You completely miss the black bear.
The black bear barely misses you.
The black bear claws you but does no damage.
The black bear claws you. The white imp hits you. The white imp freezes you.
The black bear closely misses you. The black bear claws you.
The black bear claws you but does no damage.
The white imp hits you. The white imp freezes you. 😮 HP[-8]
You take 8 damage, and now have 32/52 hp.
Unknown command.
You hit the white imp. You barely miss the black bear.
The black bear bites you. The black bear claws you.
The black bear claws you but does no damage.
The white imp gestures at you. The puff of frost hits you!
* * * LOW HITPOINT WARNING * * *
😨 HP[-10]
You take 10 damage, and now have 22/52 hp.
You slash the white imp!
You kill the white imp!
Makhleb accepts your kill.
You hit the black bear. The black bear bites you.
* * * LOW HITPOINT WARNING * * *
The black bear barely misses you. x2 😨 HP[-1]
You take 1 damage, and now have 21/52 hp.
You hit the black bear.
The black bear goes berserk!
You hit the black bear. The black bear bites you!
* * * LOW HITPOINT WARNING * * *
The black bear claws you.
* * * LOW HITPOINT WARNING * * *
The black bear claws you but does no damage.
The black bear closely misses you. The black bear claws you.
* * * LOW HITPOINT WARNING * * *
The black bear closely misses you. 😱 HP[-11]
You take 11 damage, and now have 10/52 hp.
MASSIVE DAMAGE!! (PAUSE)
You hit the black bear. The black bear bites you!
* * * LOW HITPOINT WARNING * * *
The black bear claws you but does no damage.
The black bear claws you.
* * * LOW HITPOINT WARNING * * *
The black bear bites you!
You die...

Skill      XL: |  1  2  3  4 |
---------------+-------------+-----
Fighting       | 3 4 5 |  5.5
Axes           | |  2.1
Dodging        | |  2.1
Stealth        | |  6.0

Action                   |  1- 3 |  4- 6 || total
-------------------------+-------+-------++-------
Melee: Hand axe          |    50 |    29 ||    79
 Abil: Heal Wounds       |     5 |     2 ||     7
Evoke: Wand              |     1 |       ||     1
  Use: Scroll            |     2 |       ||     2
       Potion            |     2 |       ||     2
 Stab: Sleeping          |       |     1 ||     1
Armor: Leather armour    |    15 |    13 ||    28
Dodge: Dodged            |    41 |    35 ||    76

Levels and vault maps discovered:
D:3:      wander_river, layout_basic, chequers_avenue, uniq_sigmund
D:4:      layout_basic, minmay_misc_feat_square, nicolae_figureground_sparkle
D:5:      layout_cave_pools, kennysheep_boxes, uniq_blork_the_orc
D:6:      layout_cave_pools, grunt_temple_overflow_open,
          minmay_temple_entry_drinking_statues, portal_sewer_entry_e,
          enter_ossuary_1, serial_glass, glass_columns_a, glass_columns_a,
          kennysheep_generic_room_9
D:7:      layout_cave_pools, nicolae_elyvilon_temple_path
Temple:   nicolae_temple_elliptical

Notes
Turn   | Place    | Note
-------+----------+-------------------------------------------
     0 | D:5      | spaghetti the Deep Dwarf Delver began the quest for the
                  | Orb.
     0 | D:5      | Reached XP level 1. HP: 20/20 MP: 1/1
     0 | D:5      | magus.rc [v1.9.6]
     6 | D:6      | Noticed a hound
     6 | D:6      | Noticed a water moccasin
    18 | D:5      | Noticed a scorpion
    22 | D:5      | Reached skill level 3 in Fighting
    22 | D:5      | Reached XP level 2. HP: 21/28 MP: 2/2
    49 | D:6      | Noticed an ice beast
    59 | D:6      | Found a staircase to the Ecumenical Temple.
    67 | Temple   | Entered the Ecumenical Temple
   109 | Temple   | Became a worshipper of Makhleb the Destroyer
   467 | D:5      | HP: 7/28 [ice beast (2)]
   482 | D:5      | Killed an ice beast
   483 | D:5      | Reached skill level 4 in Fighting
   483 | D:5      | Reached XP level 3. HP: 27/38 MP: 3/3
   483 | D:5      | Reached XP level 4. HP: 32/45 MP: 4/4
   490 | D:5      | Killed a scorpion
   491 | D:5      | Reached skill level 5 in Fighting
   491 | D:5      | Reached XP level 5. HP: 24/52 MP: 5/5
   705 | D:4      | Noticed a black bear
   712 | D:4      | HP: 11/52 [black bear (3)]
   715 | D:4      | HP: 5/52 [orc wizard/magic dart (3)]
   726 | D:3      | HP: 13/52 [black bear (2)]
   727 | D:3      | HP: 3/52 [black bear (7)]
   727 | D:3      | HP: 1/52 [black bear (2)]
   727 | D:3      | Slain by a black bear

Vanquished Creatures
  An ice beast (D:5)
  A scorpion (D:5)
  2 adders
  A white imp (D:3)
  A giant cockroach (D:4)
  A hobgoblin (D:4)
  A ball python (D:4)
8 creatures vanquished.

Table legend:
 A = Non-vault XP
 B = Vault XP
 C = Vault XP percentage of total XP
 D = Non-vault monster count
 E = Vault monster count
 F = Vault count percentage of total count
                 A         B        C        D         E       F
            +---------+---------+-------+---------+---------+-------
      Total |     248 |       0 |   0.0 |       8 |       0 |   0.0
            +---------+---------+-------+---------+---------+-------
        D:3 |      10 |       0 |   0.0 |       1 |       0 |   0.0
        D:4 |       5 |       0 |   0.0 |       3 |       0 |   0.0
        D:5 |     220 |       0 |   0.0 |       3 |       0 |   0.0
        D:6 |      13 |       0 |   0.0 |       1 |       0 |   0.0
            +---------+---------+-------+---------+---------+-------

Illustrated notes

Table legend:
 A = Kills in this place as a percentage of kills in entire the game.
 B = Kills by you in this place as a percentage of kills by you in the entire game.
 C = Kills by friends in this place as a percentage of kills by friends in the entire game.
 D = Other kills in this place as a percentage of other kills in the entire game.
 E = Experience gained in this place as a percentage of experience gained in the entire game.
 F = Experience gained in this place divided by the number of levels of this place that you have seen.
                   A       B       C       D       E      F
               +-------+-------+-------+-------+-------+----------------------
         Total | 100.0 | 100.0 |   N/A |   N/A | 100.0 |  41.3
       Dungeon | 100.0 | 100.0 |   N/A |   N/A | 100.0 |  49.6
               +-------+-------+-------+-------+-------+----------------------

Table legend: (Time is in decaauts)
 A = Elapsed time spent in this place.
 B = Non-inter-level travel time spent in this place.
 C = Inter-level travel time spent in this place.
 D = Time resting spent in this place.
 E = Time spent auto-exploring this place.
 F = Levels seen in this place.
 G = Mean time per level.
                   A        B        C        D        E       F      G
               +--------+--------+--------+--------+--------+-----+--------+
         Total |    725 |    684 |     41 |    300 |    104 |   6 |  120.8 |
       Dungeon |    657 |    645 |     12 |    300 |     79 |   5 |  131.4 |
        Temple |     68 |     39 |     29 |      0 |     25 |   1 |   68.0 |
               +--------+--------+--------+--------+--------+-----+--------+

Top non-repeatable levels by time:
     D:5: 215 daAuts
     D:6: 202 daAuts
     D:7: 123 daAuts
     D:4: 102 daAuts
  Temple: 68 daAuts
     D:3: 12 daAuts
